 Dungeon Sprint DCSS version 0.17-a0-1663-gb806841 (webtiles) character file.

6000 Kidiri the Unseen (level 10, -6/44 HPs)
             Began as a Spriggan Enchanter on Aug 16, 2015.
             Was the Champion of Dithmenos.
             Mangled by an eidolon (16 damage)
             ... in the Dungeon (Sprint VII: "The Pits").
             The game lasted 00:09:57 (1229 turns).

Kidiri the Unseen (Spriggan Enchanter)              Turns: 1229, Time: 00:09:57

Health: -6/44      AC:  6    Str:  7      XL:     10   Next: 55%
Magic:  12/28      EV: 32    Int: 18 (19) God:    Dithmenos [******]
Gold:   0          SH:  0    Dex: 18      Spells: 5 memorised, 23 levels left

rFire  . . .     SeeInvis +     u - +2 rapier (distort)
rCold  . . .     Clarity  .     b - +1 robe
rNeg   . . .     SustAt   .     (shield restricted)
rPois  .         Gourm    .     (helmet restricted)
rElec  .         Spirit   .     (no cloak)
rCorr  .         Warding  .     (gloves unavailable)
rMut   .         NoTele   +     (boots unavailable)
MR     +....                    (no amulet)
Stlth  ++++++++++               r - +3 ring of strength
                                c - +3 ring of protection

@: afraid, wreathed by umbra, very quick, somewhat resistant to hostile
enchantments, uncannily stealthy
A: unfitting armour, see invisible, herbivore 3, speed 3, slow metabolism 2
a: Shadow Step, Shadow Form, Renounce Religion


You were in the Dungeon.
You worshipped Dithmenos.
Dithmenos was exalted by your worship.
You were not hungry.

You visited 1 branch

Inventory:

Hand weapons
 u - a +2 rapier of distortion (weapon)
Armour
 b - a +1 robe (worn)
Jewellery
 c - a +3 ring of protection (left hand)
 r - a +3 ring of strength (right hand)
Scrolls
 j - a scroll of blinking
 m - 2 scrolls of remove curse
 n - 5 scrolls of amnesia
 o - a scroll of summoning
Potions
 e - 7 potions of curing
 f - 10 potions of heal wounds
 g - 2 potions of haste
 h - 2 potions of magic
 i - 3 potions of berserk rage
 l - 2 potions of invisibility
 q - a potion of lignification {unknown}
 s - 3 potions of might
 t - 2 potions of agility
Comestibles
 d - 8 bread rations
 k - 40 fruits


   Skills:
 + Level 8.7 Short Blades
 * Level 15.2 Dodging
 * Level 16.8 Stealth
 * Level 13.3 Spellcasting
 + Level 5.5 Conjurations
 + Level 10.2 Hexes
 + Level 6.1 Ice Magic
 + Level 7.0 Invocations


You had 23 spell levels left.
You knew the following spells:

 Your Spells              Type           Power        Failure   Level  Hunger
a - Corona                Hex            #####..      1%          1    None
b - Ensorcelled Hibernat  Hex/Ice        #####.       1%          2    None
c - Confuse               Hex            #####...     1%          3    None
d - Tukima's Dance        Hex            #####...     1%          3    None
e - Dazzling Spray        Conj/Hex       #####...     1%          3    None


Dungeon Overview and Level Annotations

Branches:
Dungeon (1/1)

Altars:
Ashenzari
Cheibriados
Dithmenos
Elyvilon
Fedhas
Gozag
Kikubaaqudgha
Makhleb
Nemelex Xobeh
Okawaru
Qazlal
Ru
Sif Muna
Trog
Vehumet
Xom
Yredelemnul
Zin
The Shining One
Beogh
Jiyva
Lugonu


Innate Abilities, Weirdness & Mutations

You are tiny and cannot use many weapons and most armour.
You have supernaturally acute eyesight.
You are a herbivore.
You cover ground extremely quickly.
You need consume almost no food.


Message History

The eidolon misses you. The eidolon completely misses you.
Casting: Ensorcelled Hibernation
Confirm with . or Enter, or press ? or * to list all spells.
Aiming: Ensorcelled Hibernation
Press: ? - help, Shift-Dir - straight line, f - yak
Aim: a yak (heavily wounded, umbra, chance to defeat MR: 67%)
The yak resists with significant effort.
Your shadow mimicks your spell!
The yak resists with some effort.
The yak gores you! The eidolon barely misses you. The eidolon misses you.
Casting: Ensorcelled Hibernation
Confirm with . or Enter, or press ? or * to list all spells.
Aiming: Ensorcelled Hibernation
Press: ? - help, Shift-Dir - straight line, f/p - yak
Aim: a yak (heavily wounded, umbra, chance to defeat MR: 67%)
The yak resists with significant effort.
A gnoll opens the large door.
The yak gores you.
* * * LOW HITPOINT WARNING * * *
The eidolon hits you!
You die...

................+
................+
......#..#......#
................#
###+#####''######
.......##''############
.......##......'g.')(.###
.......##......'YWY§..†.##
...<...##..%).##@†##g....#
.......##...###....###....#
.......##..##).......###.##
.......##++#...#..#...# ...
#########........)....+ .W+
#########++#...#..#...# ..#
..#..[[##..##%.......## ##
..#..[[##...###....###
..+..))##.....##..##


You could see an eidolon, 2 yaks and a gnoll.

Vanquished Creatures
  Harold (D)
  An unseen horror (D)
  A deep troll (D)
  A gargoyle (D)
  2 elephants (D)
  A kobold demonologist (D)
  A guardian mummy (D)
  A two-headed ogre (D)
  A giant leech (D)
  A flying skull (D)
  A shadow (D)
  3 yaks (D)
  A hungry ghost (D)
  A water moccasin (D)
  6 wolves (D)
  2 swamp drakes (D)
  A porcupine (D)
  A phantom (D)
  A centaur (D)
  2 brain worms (D)
  3 wights (D)
  A quasit (D)
  Jessica (D)
  An iguana (D)
  A worker ant (D)
  2 adders (D)
  An ufetubus (D)
  2 bat zombies (D)
  2 hobgoblins (D)
  3 jackals (D)
  3 ball pythons (D)
  A giant newt (D)
51 creatures vanquished.

Notes
Turn   | Place    | Note
--------------------------------------------------------------
     0 | D        | Kidiri the Spriggan Enchanter began the quest for the Orb.
     0 | D        | Reached XP level 1. HP: 9/9 MP: 5/5
   105 | D        | Found a sacrificial altar of Ru.
   105 | D        | Found a basalt altar of Yredelemnul.
   105 | D        | Found a shadowy altar of Dithmenos.
   105 | D        | Found a deep blue altar of Sif Muna.
   105 | D        | Found a burning altar of Makhleb.
   105 | D        | Found a shimmering altar of Xom.
   105 | D        | Found an ancient bone altar of Kikubaaqudgha.
   105 | D        | Found a sparkling altar of Nemelex Xobeh.
   106 | D        | Found a glowing golden altar of the Shining One.
   106 | D        | Found a bloodstained altar of Trog.
   106 | D        | Found a shattered altar of Ashenzari.
   106 | D        | Found a white marble altar of Elyvilon.
   106 | D        | Found a snail-covered altar of Cheibriados.
   106 | D        | Found a blossoming altar of Fedhas.
   106 | D        | Found a radiant altar of Vehumet.
   106 | D        | Found a glowing silver altar of Zin.
   106 | D        | Found a corrupted altar of Lugonu.
   106 | D        | Found a viscous altar of Jiyva.
   106 | D        | Found a roughly hewn altar of Beogh.
   106 | D        | Found an iron altar of Okawaru.
   109 | D        | Became a worshipper of Dithmenos the Shadowed
   113 | D        | Found a stormy altar of Qazlal.
   113 | D        | Found an opulent altar of Gozag.
   130 | D        | Noticed a brain worm
   134 | D        | Killed a brain worm
   134 | D        | Reached skill level 6 in Dodging
   134 | D        | Reached skill level 7 in Stealth
   134 | D        | Reached skill level 5 in Spellcasting
   134 | D        | Reached XP level 2. HP: 13/13 MP: 6/9
   134 | D        | Reached XP level 3. HP: 16/16 MP: 6/10
   134 | D        | Reached XP level 4. HP: 21/21 MP: 7/12
   138 | D        | Learned a level 2 spell: Ensorcelled Hibernation
   142 | D        | Learned a level 3 spell: Confuse
   146 | D        | Learned a level 3 spell: Tukima's Dance
   150 | D        | Learned a level 3 spell: Dazzling Spray
   174 | D        | Noticed a brain worm
   176 | D        | Killed a brain worm
   176 | D        | Reached skill level 8 in Stealth
   176 | D        | Reached skill level 1 in Conjurations
   176 | D        | Reached skill level 5 in Hexes
   176 | D        | Reached skill level 1 in Ice Magic
   176 | D        | Reached XP level 5. HP: 24/24 MP: 12/14
   202 | D        | Acquired Dithmenos's first power
   208 | D        | Reached skill level 9 in Stealth
   321 | D        | Acquired Dithmenos's second power
   383 | D        | Noticed a quasit
   383 | D        | Noticed a wight
   383 | D        | Noticed a wight
   384 | D        | Noticed a water moccasin
   386 | D        | Noticed Jessica
   386 | D        | Noticed a wight
   387 | D        | Killed a quasit
   389 | D        | Killed Jessica
   389 | D        | Reached skill level 1 in Invocations
   391 | D        | Killed a wight
   391 | D        | Reached skill level 10 in Stealth
   391 | D        | Reached XP level 6. HP: 28/28 MP: 7/17
   406 | D        | Killed a water moccasin
   538 | D        | Killed a wight
   538 | D        | Acquired Dithmenos's third power
   538 | D        | Reached skill level 11 in Stealth
   548 | D        | Killed a wight
   548 | D        | Reached skill level 10 in Dodging
   660 | D        | Noticed a hungry ghost
   662 | D        | Killed a hungry ghost
   662 | D        | Reached skill level 5 in Short Blades
   662 | D        | Reached XP level 7. HP: 32/32 MP: 20/20
   664 | D        | Noticed an unseen horror
   683 | D        | Killed an unseen horror
   683 | D        | Reached skill level 12 in Stealth
   683 | D        | Reached skill level 10 in Spellcasting
   683 | D        | Reached XP level 8. HP: 28/36 MP: 16/23
   748 | D        | Noticed a flying skull
   748 | D        | Noticed an iguana
   748 | D        | Noticed a porcupine
   750 | D        | Killed a porcupine
   752 | D        | Acquired Dithmenos's fourth power
   754 | D        | Killed a flying skull
   754 | D        | Reached skill level 13 in Stealth
   755 | D        | Killed an iguana
   769 | D        | Noticed a gargoyle
   769 | D        | Noticed a wolf
   769 | D        | Noticed a wolf
   769 | D        | Noticed a wolf
   769 | D        | Noticed a wolf
   769 | D        | Noticed a wolf
   770 | D        | Noticed a wolf
   772 | D        | Killed a wolf
   777 | D        | Killed a wolf
   781 | D        | Killed a wolf
   783 | D        | Killed a wolf
   799 | D        | Killed a wolf
   799 | D        | Reached skill level 5 in Invocations
   801 | D        | Killed a wolf
   801 | D        | Reached skill level 14 in Stealth
   801 | D        | Reached XP level 9. HP: 24/39 MP: 7/25
   823 | D        | Killed a gargoyle
   971 | D        | Noticed a two-headed ogre
   971 | D        | Noticed a swamp drake
   977 | D        | Killed a swamp drake
   977 | D        | Reached skill level 5 in Ice Magic
   979 | D        | Killed a two-headed ogre
  1021 | D        | Noticed an elephant
  1022 | D        | Noticed a kobold demonologist
  1022 | D        | Noticed a worker ant
  1022 | D        | Noticed Harold
  1023 | D        | Killed an elephant
  1023 | D        | Reached skill level 15 in Stealth
  1025 | D        | Killed a kobold demonologist
  1026 | D        | Noticed a phantom
  1026 | D        | Noticed a guardian mummy
  1027 | D        | Killed a worker ant
  1029 | D        | Killed Harold
  1029 | D        | Reached XP level 10. HP: 44/44 MP: 14/27
  1032 | D        | Killed a phantom
  1032 | D        | Reached skill level 5 in Conjurations
  1034 | D        | Killed a guardian mummy
  1149 | D        | Noticed a deep troll
  1149 | D        | Noticed a shadow
  1150 | D        | Noticed a swamp drake
  1151 | D        | Killed a deep troll
  1151 | D        | Reached skill level 16 in Stealth
  1152 | D        | Killed a shadow
  1155 | D        | Killed a swamp drake
  1196 | D        | Noticed a centaur
  1196 | D        | Noticed a yak
  1196 | D        | Noticed a yak
  1196 | D        | Noticed a yak
  1196 | D        | Noticed a yak
  1196 | D        | Noticed a yak
  1196 | D        | Noticed a giant leech
  1197 | D        | Noticed an eidolon
  1198 | D        | Killed a yak
  1198 | D        | Reached skill level 10 in Hexes
  1199 | D        | Killed a yak
  1200 | D        | Noticed an elephant
  1201 | D        | Killed a yak
  1213 | D        | Killed a centaur
  1213 | D        | Reached skill level 15 in Dodging
  1220 | D        | Killed a giant leech
  1227 | D        | Killed an elephant
  1229 | D        | Mangled by an eidolon

Vault maps used:
D:        pitsprint

Action                   |  1- 3 |  4- 6 |  7- 9 | 10-12 || total
-------------------------+-------+-------+-------+-------++-------
Melee: Dagger            |     9 |    34 |    26 |       ||    69
       Rapier            |       |       |     9 |    14 ||    23
 Cast: Ensorcelled Hiber |       |     8 |    19 |     5 ||    32
       Confuse           |       |     3 |     1 |     1 ||     5
       Dazzling Spray    |       |     4 |     5 |     7 ||    16
Invok: Shadow Step       |       |     2 |     4 |     5 ||    11
  Use: Scroll            |       |     1 |       |       ||     1
       Potion            |       |       |     2 |     2 ||     4
 Stab: Sleeping          |     1 |    15 |    17 |     9 ||    42
       Confused          |       |     1 |     1 |     1 ||     3
